 Dungeon Crawl Stone Soup version 0.28.0-53-g5a82cb258f (webtiles) character file.

Game seed: 14173464091709748292

26611 issech the Fencer (level 12, -5/103 HPs)
             Began as a Minotaur Monk on June 7, 2022.
             Was a High Priest of Hepliaklqana.
             Slain by a slime creature (10 damage)
             ... on level 14 of the Dungeon.
             The game lasted 01:00:18 (17951 turns).

issech the Fencer (Minotaur Monk)                  Turns: 17951, Time: 01:00:19

Health: -5/103     AC: 29    Str: 17    XL:     12   Next: 99%
Magic:  11/11      EV:  8    Int:  7    God:    Hepliaklqana [*****.]
Gold:   692        SH:  0    Dex: 17    Spells: 11/11 levels left

rFire   + . .      SeeInvis .   O - +8 frozen axe "Frostbite" {freezing cloud, *Noise Fly rC+}
rCold   + . .      Faith    .   (shield currently unavailable)
rNeg    . . .      Spirit   .   g - +0 plate armour
rPois   .          Reflect  .   (helmet restricted)
rElec   .          Harm     .   b - +0 cloak
rCorr   .          Rampage  .   t - +2 pair of gloves
Will    .....                   h - +2 pair of boots
Stlth   ..........              (no amulet)
HPRegen 0.27/turn               i - ring of protection from fire
MPRegen 0.12/turn               V - +4 ring of protection

@: flying, hasted, very quick
A: reduced essence, horns 2, retaliatory headbutt
a: Renounce Religion, Recall Ancestor, Ancestor Identity, Transference, Idealise


You were on level 14 of the Dungeon.
You worshipped Hepliaklqana.
Hepliaklqana was extremely pleased with you.
You visited 2 branches of the dungeon, and saw 15 of its levels.
You also visited: Ossuary.

You collected 692 gold pieces.

Inventory:

Hand Weapons
 d - a +1 vorpal broad axe
 y - a +0 hand crossbow of venom
 N - a +3 vampiric scimitar
 O - the +8 frozen axe "Frostbite" (weapon) {freezing cloud, *Noise Fly rC+}
   (You found it on level 11 of the Dungeon)

   It freezes those it strikes, dealing additional cold damage.
   It can also slow down cold-blooded creatures.
   It occasionally leaves clouds of freezing vapour upon striking a foe.
   It grants immunity to clouds of freezing vapour.
   rC:        It protects you from cold.
   Fly:       It grants you flight.
   *Noise:    It may make noises in combat.
 Z - a +5 scimitar
Missiles
 e - 388 stones
 j - 269 arrows
 l - 171 bolts
 s - 22 poisoned darts
 H - 5 silver javelins
 P - a curare-tipped dart
 S - 2 boomerangs of dispersal
 T - 4 boomerangs (quivered)
 U - 66 sling bullets
Armour
 b - a +0 cloak (worn)
 g - a +0 plate armour (worn)
 h - a +2 pair of boots (worn)
 t - a +2 pair of gloves (worn)
 Y - the +4 robe of Mibbof {Str+3}
   (You found it on level 7 of the Dungeon)

   Str:       It affects your strength (+3).
Jewellery
 i - a ring of protection from fire (left hand)
 o - a ring of flight
 D - a ring of wizardry
 F - a ring of fire
 V - a +4 ring of protection (right hand)
Wands
 a - a wand of acid (4)
 n - a wand of flame (33)
 r - a wand of polymorph (6)
 B - a wand of charming (3)
 L - a wand of iceblast (16)
 M - a wand of digging (7)
 R - a wand of paralysis (4)
Scrolls
 c - a scroll of enchant armour
 m - 5 scrolls of enchant weapon
 p - 3 scrolls of fear
 w - 4 scrolls of amnesia
 x - 3 scrolls of teleportation
 I - a scroll of summoning
 J - 3 scrolls of magic mapping
 K - a scroll of holy word
 W - a scroll of fog
Potions
 f - 3 potions of resistance
 k - 5 potions of heal wounds {unknown}
 q - a potion of ambrosia
 u - 8 potions of curing {unknown}
 v - 3 potions of flight {unknown}
 z - 4 potions of brilliance {unknown}
 A - 3 potions of cancellation {unknown}
 C - a potion of berserk rage
 E - 5 potions of mutation {unknown}
 G - a potion of haste
 Q - 2 potions of might {unknown}
 X - 2 potions of lignification {unknown}


   Skills:
 + Level 13.0 Fighting
 + Level 15.2 Long Blades
 + Level 9.9 Axes
 + Level 0.1 Throwing
 + Level 14.0 Armour
 + Level 4.7 Dodging
 + Level 3.0 Stealth


You had 11 spell levels left.
You didn't know any spells.
Your spell library contained the following spells:

 Spells                   Type           Power      Damage    Failure   Level
 Animate Skeleton         Necr           0%         N/A       100%        1
 Pain                     Necr           0%         1d4       100%        1
 Sandblast                Erth           0%         2d4       100%        1
 Summon Small Mammal      Summ           0%         N/A       100%        1
 Passwall                 Tmut/Erth      0%         N/A       100%        2
 Call Canine Familiar     Summ           0%         N/A       100%        3
 Gell's Gravitas          Tloc           0%         N/A       100%        3
 Lesser Beckoning         Tloc           0%         N/A       100%        3
 Stone Arrow              Conj/Erth      0%         3d7       100%        3
 Summon Guardian Golem    Hex/Summ       0%         N/A       100%        3
 Teleport Other           Tloc           0%         N/A       100%        3
 Vampiric Draining        Necr           0%         2d6       100%        3
 Animate Dead             Necr           0%         N/A       100%        4
 Hailstorm                Conj/Ice       0%         3d3       100%        4
 Ice Form                 Ice/Tmut       0%         N/A       100%        4
 Freezing Cloud           Conj/Ice/Air   0%         6-21      100%        5
 Simulacrum               Ice/Necr       0%         N/A       100%        6
 Haunt                    Necr/Summ      0%         N/A       100%        7
 Orb of Destruction       Conj           0%         9d5       100%        7
 Spellforged Servitor     Conj/Summ      0%         N/A       100%        7
 Infestation              Necr           0%         N/A       100%        8
 Polar Vortex             Ice            0%         N/A       100%        9


Dungeon Overview and Level Annotations

Branches:
Dungeon (14/15)            Temple (1/1) D:7            Lair (0/6) D:8
    Orc (0/2) D:12         Vaults (0/5) D:13        Ossuary (visited)

Altars:
Ashenzari
Cheibriados
Dithmenos
Elyvilon
Fedhas
Gozag
Hepliaklqana
Kikubaaqudgha
Makhleb
Nemelex Xobeh
Okawaru
Qazlal
Ru
Sif Muna
Trog
Uskayaw
Vehumet
Wu Jian
Xom
Yredelemnul
Zin
The Shining One

Annotations:
D:14 36 runed doors


Innate Abilities, Weirdness & Mutations

Your life essence is reduced to manifest your ancestor. (-10% HP)
You have a pair of horns on your head.
You reflexively headbutt those who attack you in melee.


Message History

There is an open door here.
Your surroundings suddenly seem different.
Found 21 gold pieces.
You start resting.
The sentinel's mark upon you fades away.
You start resting.
There are monsters nearby!
Okay, then.
You are confused.
You feel invigorated.
The centaur warrior shoots an arrow.
The arrow hits you.
* * * LOW HITPOINT WARNING * * *
Non-targeted confused throw: 4 boomerangs
Press: ? - help, Q - select action, (/) - cycle Dir - look around, f - activate
Okay, then.
You feel yourself speed up.
The centaur warrior shoots an arrow.
The arrow completely misses you.
The centaur warrior shoots an arrow.
The arrow hits you.
* * * LOW HITPOINT WARNING * * *
The centaur warrior shoots an arrow.
The arrow hits you but does no damage.
A slime creature comes into view.
The vampire mosquito bites you but does no damage.
You slash the vampire mosquito! You freeze the vampire mosquito.
Your headbutt misses the vampire mosquito.
The vampire mosquito is almost destroyed.
The vampire mosquito is engulfed in freezing vapours.
You destroy the vampire mosquito!
The centaur warrior shoots an arrow.
The arrow hits you!
* * * LOW HITPOINT WARNING * * *
You feel less invigorated.
Cuahtemoc emerges from the mists of memory!
You feel less confused.
The centaur warrior shoots an arrow.
The arrow hits you but does no damage.
You swap places.
The centaur warrior shoots an arrow.
The arrow hits you but does no damage.
The centaur warrior shoots an arrow.
The arrow hits you!
* * * LOW HITPOINT WARNING * * *
Cuahtemoc casts a spell at the slime creature.
The puff of frost hits the slime creature.
The slime creature hits you!
You die...

#########...)...######
#.......# #.......#
#.......# #c......#
######.......#
.............#
.............#
.......@.....##
......J.§○....#
.........R...$#
###############


You could see the friendly Cuahtemoc the battlemage, a slime creature (ally
target) and a centaur warrior.

Vanquished Creatures
  A boulder beetle (D:12)
  5 two-headed ogres
  Pikel (D:6)
  A necromancer (D:13)
  A deep elf pyromancer (D:10)
  2 cyclopes
  Maggie (D:6)
  2 rime drakes (D:11)
  A yaktaur (shapeshifter) (D:14)
  A komodo dragon (D:8)
  5 trolls
  2 hornets (D:9)
  2 meliai (D:13)
  A polar bear (D:11)
  A dream sheep (shapeshifter) (D:13)
  3 slime creatures (D:13)
  A wraith (D:11)
  A shadow (D:9)
  2 wyverns (D:9)
  2 centaur simulacra (D:11)
  Grum (D:11)
  5 yaks (D:10)
  15 vampire mosquitoes
  An acid dragon (D:11)
  A hornet zombie (D:8)
  2 orc warriors
  2 ice beasts (D:5)
  A sky beast (D:5)
  A necrophage (D:4)
  A black bear (D:5)
  3 ogres
  3 centaurs
  3 wolves (D:11)
  A lemure (D:6)
  A phantom (D:4)
  2 kobold brigands (D:10)
  4 elf zombies (Ossuary)
  A wyvern zombie (D:8)
  2 bullfrogs
  3 scorpions
  5 killer bees
  A wight (D:5)
  2 howler monkeys
  3 electric eels (D:8)
  2 bullfrog zombies
  6 centaur zombies
  4 human zombies (Ossuary)
  5 hounds
  A jelly (D:5)
  9 orc priests
  A bullfrog skeleton (D:5)
  7 iguanas
  2 centaur skeletons
  8 orc wizards
  2 scorpion zombies (D:5)
  2 hound skeletons
  3 mummies (Ossuary)
  A howler monkey zombie (D:5)
  14 adders
  4 gnolls
  2 shadow imps
  A white imp (D:7)
  A worm (D:2)
  2 dart slugs
  35 orcs
  10 endoplasms
  A giant cockroach (D:4)
  10 goblins
  5 hobgoblins
  4 jackals (D:4)
  4 quokkas
  18 ball pythons
  4 bats
  11 kobolds
  4 rats
283 creatures vanquished.

Vanquished Creatures (collateral kills)
  Erolcha (D:12)
  A two-headed ogre (D:14)
  A death knight (D:14)
  Urug (D:13)
  A cyclops (D:12)
  An ugly thing (D:13)
  2 manticores
  A gargoyle (D:13)
  A komodo dragon (D:8)
  A freezing wraith (D:11)
  An unseen horror (D:12)
  A polar bear (D:11)
  A meliai (D:13)
  A troll (D:12)
  A slime creature (D:13)
  2 wyverns (D:9)
  2 vampires
  2 yaks (D:10)
  A steam dragon (D:8)
  A vampire mosquito (D:13)
  2 orc warriors (D:9)
  2 sky beasts (D:8)
  A wolf (D:11)
  A centaur (D:11)
  3 bullfrogs
  A gnoll sergeant (D:9)
  2 scorpions
  A wyvern zombie (D:8)
  A killer bee (D:7)
  4 electric eels (D:8)
  A howler monkey (D:9)
  A bullfrog zombie (D:6)
  A bullfrog skeleton (D:6)
  A centaur skeleton (D:7)
  An orc priest (D:8)
  An iguana (D:6)
  4 orc wizards
  5 orcs
  4 kobolds (D:10)
61 creatures vanquished.

Vanquished Creatures (others)
  A slime creature (D:14)
  5 battlemagi
  12 plants (D:8)
18 creatures vanquished.

Grand Total: 362 creatures vanquished

Notes
Turn   | Place    | Note
-------+----------+-------------------------------------------
     0 | D:1      | issech the Minotaur Monk began the quest for the Orb.
     0 | D:1      | Reached XP level 1. HP: 19/19 MP: 0/0
   327 | D:1      | Reached XP level 2. HP: 27/27 MP: 1/1
   899 | D:2      | Reached XP level 3. HP: 29/33 MP: 2/2
  1845 | D:3      | Found an ornate altar of the Wu Jian Council.
  2367 | D:4      | Noticed a +0 dagger
  2368 | D:4      | Noticed a +0 short sword
  2368 | D:4      | Noticed a +0 spear
  2369 | D:4      | Noticed a +0 spear
  2369 | D:4      | Noticed a +0 short sword
  2369 | D:4      | Noticed a +0 falchion
  2370 | D:4      | Noticed a +0 falchion
  2370 | D:4      | Noticed a +0 dagger
  2393 | D:4      | Reached skill level 1 in Long Blades
  2393 | D:4      | Reached skill level 1 in Armour
  2393 | D:4      | Reached XP level 4. HP: 30/41 MP: 3/3
  2479 | D:4      | Found a hide-covered altar of Uskayaw.
  2691 | D:4      | Reached skill level 2 in Long Blades
  2691 | D:4      | Reached XP level 5. HP: 42/47 MP: 4/4
  3209 | D:4      | Reached skill level 3 in Long Blades
  3244 | D:4      | Noticed an ogre
  3541 | D:4      | Killed an ogre
  3542 | D:4      | Reached XP level 6. HP: 41/53 MP: 5/5
  3653 | D:4      | Reached skill level 4 in Long Blades
  4480 | D:4      | Reached skill level 5 in Long Blades
  4480 | D:4      | Reached XP level 7. HP: 60/60 MP: 6/6
  4597 | D:4      | Reached skill level 5 in Fighting
  5474 | D:5      | Entered Level 5 of the Dungeon
  5509 | D:5      | Reached skill level 6 in Long Blades
  5509 | D:5      | Reached skill level 5 in Armour
  5537 | D:5      | Found a sand-covered staircase.
  5542 | Ossuary  | Entered an ossuary
  5618 | Ossuary  | Reached XP level 8. HP: 70/70 MP: 7/7
  5647 | Ossuary  | Reached skill level 7 in Long Blades
  5739 | Ossuary  | Reached skill level 8 in Long Blades
  6352 | D:5      | Reached skill level 9 in Long Blades
  6884 | D:5      | Reached XP level 9. HP: 75/79 MP: 8/8
  7045 | D:5      | Reached skill level 10 in Long Blades
  7618 | D:6      | You fall into a shaft and drop 1 floor!
  7755 | D:7      | Found a staircase to the Ecumenical Temple.
  7764 | Temple   | Entered the Ecumenical Temple
  7809 | Temple   | Became a worshipper of Hepliaklqana the Forgotten
  7809 | Temple   | Reached * piety under Hepliaklqana
  7809 | Temple   | Reached ** piety under Hepliaklqana
  7810 | Temple   | Remembered your ancestor Cuahtemoc as a battlemage
  8224 | D:6      | Noticed Maggie
  8244 | D:6      | Killed Maggie
  8245 | D:6      | Reached skill level 11 in Long Blades
  8465 | D:6      | Noticed Pikel
  8475 | D:6      | Killed Pikel
  8476 | D:6      | Reached XP level 10. HP: 75/81 MP: 9/9
  8830 | D:7      | Noticed a two-headed ogre
  8838 | D:7      | Killed a two-headed ogre
  8839 | D:7      | Reached skill level 12 in Long Blades
  9054 | D:7      | Found a blossoming altar of Fedhas.
  9239 | D:7      | Identified the +4 robe of Mibbof {Str+3}
  9699 | D:8      | Reached skill level 10 in Fighting
 10661 | D:8      | Found a staircase to the Lair.
 11216 | D:8      | Reached *** piety under Hepliaklqana
 11609 | D:9      | Reached skill level 10 in Armour
 11770 | D:9      | Found a radiant altar of Vehumet.
 11774 | D:9      | Reached skill level 13 in Long Blades
 11789 | D:9      | Reached XP level 11. HP: 87/90 MP: 10/10
 12370 | D:10     | Entered Level 10 of the Dungeon
 12411 | D:10     | Found a glowing golden altar of the Shining One.
 12480 | D:10     | Reached **** piety under Hepliaklqana
 12501 | D:10     | Found a bloodstained altar of Trog.
 12547 | D:10     | Noticed a deep elf pyromancer
 12555 | D:10     | Killed a deep elf pyromancer
 12732 | D:10     | Noticed a two-headed ogre
 12741 | D:10     | Killed a two-headed ogre
 12742 | D:10     | Reached skill level 14 in Long Blades
 13468 | D:11     | Noticed Grum
 13482 | D:11     | Killed Grum
 13685 | D:11     | Found the +8 frozen axe "Frostbite" {freezing cloud, *Noise
                  | Fly rC+}
 13890 | D:11     | Noticed a two-headed ogre
 13898 | D:11     | Killed a two-headed ogre
 14587 | D:11     | Reached skill level 15 in Long Blades
 14587 | D:11     | Reached XP level 12. HP: 74/100 MP: 11/11
 15004 | D:12     | Found a staircase to the Orcish Mines.
 15171 | D:12     | Reached ***** piety under Hepliaklqana
 15211 | D:12     | Noticed Erolcha
 15218 | D:12     | Killed Erolcha
 15337 | D:12     | Reached skill level 5 in Axes
 15650 | D:12     | Noticed a boulder beetle
 15657 | D:12     | Killed a boulder beetle
 15682 | D:12     | Noticed a two-headed ogre
 15711 | D:12     | Killed a two-headed ogre
 16367 | D:13     | Found a gate to the Vaults.
 17049 | D:13     | Noticed Urug
 17053 | D:13     | Killed Urug
 17758 | D:14     | Noticed a two-headed ogre
 17763 | D:14     | Killed a two-headed ogre
 17791 | D:14     | Found a huge runed gate.
 17791 | D:14     | Found a huge runed gate.
 17794 | D:14     | Found a huge runed gate.
 17795 | D:14     | Found a huge runed gate.
 17796 | D:14     | Found a huge runed gate.
 17797 | D:14     | Found a huge runed gate.
 17798 | D:14     | Found a huge runed gate.
 17799 | D:14     | Found a huge runed gate.
 17800 | D:14     | Found a huge runed gate.
 17801 | D:14     | Found a huge runed gate.
 17802 | D:14     | Found a huge runed gate.
 17803 | D:14     | Found a huge runed gate.
 17806 | D:14     | Found a huge runed gate.
 17807 | D:14     | Found a huge runed gate.
 17815 | D:14     | Found a huge runed gate.
 17815 | D:14     | Found a huge runed gate.
 17815 | D:14     | Found a huge runed gate.
 17815 | D:14     | Found a huge runed gate.
 17815 | D:14     | Found a huge runed gate.
 17816 | D:14     | Found a huge runed gate.
 17817 | D:14     | Found a huge runed gate.
 17818 | D:14     | Found a huge runed gate.
 17819 | D:14     | Found a huge runed gate.
 17827 | D:14     | Found a huge runed gate.
 17827 | D:14     | Found a huge runed gate.
 17827 | D:14     | Found a huge runed gate.
 17827 | D:14     | Found a huge runed gate.
 17827 | D:14     | Found a huge runed gate.
 17827 | D:14     | Found a huge runed gate.
 17828 | D:14     | Found a huge runed gate.
 17829 | D:14     | Found a huge runed gate.
 17830 | D:14     | Found a huge runed gate.
 17838 | D:14     | Found a huge runed gate.
 17838 | D:14     | Found a huge runed gate.
 17838 | D:14     | Found a huge runed gate.
 17838 | D:14     | Found a huge runed gate.
 17875 | D:14     | Noticed a two-headed ogre
 17880 | D:14     | Killed a two-headed ogre
 17891 | D:14     | Noticed a death knight
 17895 | D:14     | Killed a death knight
 17914 | D:14     | Noticed a centaur warrior
 17951 | D:14     | HP: 5/103 [centaur warrior/arrow (11)]
 17951 | D:14     | Slain by a slime creature

Illustrated notes

Levels and vault maps discovered:
D:1:      lordsloth_arrival_two_stooges, layout_basic
D:2:      layout_basic
D:3:      kennysheep_big_flooded_room, layout_rooms,
          mainiacjoe_overflow_cross_hatched
D:4:      minmay_razor_zed, layout_loops_ring, nicolae_uskayaw_en_pointe,
          minmay_misc_feat_alley, minmay_door_square, minmay_snake_closets
D:5:      layout_cave_pods, enter_ossuary_5, minmay_joined_circles
D:6:      layout_gridville, uniq_pikel, uniq_maggie
D:7:      layout_basic, mainiacjoe_overflow_concentric_impassable,
          minmay_temple_entry_mist
D:8:      layout_basic, david_lair_shrubbed, serial_bayou, serial_bayou_pond_b,
          serial_bayou_ford_a, serial_bayou_shore_a, serial_bayou_pond_b
D:9:      layout_roguey, vehumet_altar_wand_db
D:10:     layout_roguey, bloody_trog, kennysheep_little_box,
          minmay_misc_feat_pillars, serial_bayou_crossing
D:11:     minmay_coctagon, layout_basic, uniq_grum
D:12:     layout_irregular_city, orc_0_dummy, uniq_erolcha
D:13:     layout_irregular_city, david_vaults_1, uniq_urug
D:14:     layout_irregular_city, serial_bayou_pond_e, gammafunk_ghost_door_vault
Temple:   eino_temple_scatter_basement

Skill      XL: |  1  2  3  4  5  6  7  8  9 10 11 12 |
---------------+-------------------------------------+-----
Fighting       | 4 6 7 9 10 12 13 | 13.0
Axes           | 4 9 |  9.9
Stealth        | 2 3 |  3.0
Long Blades    | 1 2 3 5 6 9 11 13 15 | 15.2
Armour         | 1 3 4 5 6 7 10 12 14 | 14.0
Dodging        | 4 |  4.7
Throwing       | |  0.1

Action                   |  1- 3 |  4- 6 |  7- 9 | 10-12 || total
-------------------------+-------+-------+-------+-------++-------
Melee: Hand axe          |    55 |       |       |       ||    55
       Headbutt          |    11 |    22 |    94 |   101 ||   228
       Long sword        |    38 |   147 |   380 |       ||   565
       Punch             |       |       |     6 |     2 ||     8
       Scimitar          |       |       |    24 |   309 ||   333
       Executioner's axe |       |       |       |    83 ||    83
Throw: Stone             |       |       |       |     1 ||     1
       Boomerang         |       |       |       |     1 ||     1
Invok: Ancestor Life: Ba |       |       |     1 |       ||     1
  Use: Scroll            |       |     7 |     5 |     6 ||    18
       Potion            |       |       |       |     4 ||     4
 Stab: Sleeping          |     6 |       |       |       ||     6
       Distracted        |       |       |     1 |     1 ||     2
Armor: Robe              |     7 |       |       |     1 ||     8
       Plate armour      |    41 |   164 |   339 |   387 ||   931
Dodge: Dodged            |    36 |    72 |   105 |   167 ||   380
